 Dungeon Crawl Stone Soup version 0.30-a0-772-g5528072125 (webtiles) character file.

Game seed: 13911340687670871344

1 porpoise the Sneak (level 1, -2/13 HPs)
             Began as a Gnoll Enchanter on Feb 13, 2023.
             Frozen to death by an endoplasm (4 damage)
             ... on level 1 of the Dungeon.
             The game lasted 00:00:22 (106 turns).

porpoise the Sneak (Gnoll Enchanter)                 Turns: 106, Time: 00:00:23

Health: -2/13      AC:  2    Str:  7    XL:     1   Next: 20%
Magic:  6/6        EV: 13    Int: 14    God:
Gold:   10         SH:  0    Dex: 12    Spells: 9/9 levels left

rFire   . . .      SeeInvis .    a - +1 dagger
rCold   . . .      Faith    .    (no shield)
rNeg    . . .      Spirit   .    b - +0 robe
rPois   .          Reflect  .    (no helmet)
rElec   .          Harm     .    (no cloak)
rCorr   .          Rampage  .    (no gloves)
Will    .....                    (no boots)
Stlth   +++                      (no amulet)
HPRegen 0.22/turn                (no ring)
MPRegen 0.10/turn                (no ring)

@: invisible
A: fangs 1, strong nose, distributed training
a: no special abilities


You were on level 1 of the Dungeon.
You visited 1 branch of the dungeon, and saw 1 of its levels.

You collected 10 gold pieces.

Inventory:

Hand Weapons
 a - a +1 dagger (weapon)
Armour
 b - a +0 robe (worn)
Scrolls
 d - a scroll of enchant weapon {unknown}
 e - a scroll of torment {unknown}
Potions
 c - a potion of invisibility


   Skills:
 + Level 0.0 Fighting
 + Level 2.3 Short Blades
 + Level 0.0 Long Blades
 + Level 0.0 Axes
 + Level 0.0 Maces & Flails
 + Level 0.0 Polearms
 + Level 0.0 Staves
 + Level 0.0 Ranged Weapons
 + Level 0.0 Throwing
 + Level 0.0 Armour
 + Level 4.4 Dodging
 + Level 5.8 Stealth
 + Level 0.0 Shields
 + Level 0.0 Unarmed Combat
 + Level 4.8 Spellcasting
 + Level 0.0 Conjurations
 + Level 5.3 Hexes
 + Level 0.0 Summonings
 + Level 0.0 Necromancy
 + Level 0.0 Translocations
 + Level 0.0 Transmutations
 + Level 0.0 Fire Magic
 + Level 0.0 Ice Magic
 + Level 0.0 Air Magic
 + Level 0.0 Earth Magic
 + Level 0.0 Poison Magic
 + Level 0.0 Invocations
 + Level 0.0 Evocations


You had 9 spell levels left.
You didn't know any spells.
Your spell library contained the following spells:

 Spells                   Type           Power      Damage    Failure   Level
 Confusing Touch          Hex            18%        N/A       6%          3
 Tukima's Dance           Hex            18%        N/A       6%          3
 Ensorcelled Hibernation  Hex/Ice        20%        N/A       9%          2
 Dazzling Flash           Conj/Hex       20%        N/A       19%         3


Dungeon Overview and Level Annotations

Branches:
Dungeon (1/15)

Altars:


Innate Abilities, Weirdness & Mutations

You have very sharp teeth.
Your uncanny sense of smell can sniff out nearby items.
Your experience applies equally to all skills.


Message History

No target in view!
Found a grey potion.
A kobold comes into view. It is wielding a +0 dagger.
The dart slug launches a dart at you. The slug dart misses you.
The dart slug launches a dart at you. The slug dart misses you.
The kobold shouts!
The dart slug launches a dart at you. The slug dart misses you.
You barely miss the kobold. The kobold hits you with a +0 dagger.
The dart slug launches a dart at you. The slug dart hits you.
You are too injured to fight recklessly!
You are too injured to fight recklessly!
You are too injured to fight recklessly!
You hit the kobold but do no damage. Your bite misses the kobold.
An endoplasm comes into view.
The kobold closely misses you.
You barely miss the kobold. You bite the kobold, but do no damage.
The kobold hits you with a +0 dagger.
The dart slug bites you but does no damage.
You closely miss the kobold. The kobold hits you with a +0 dagger.
* * * LOW HITPOINT WARNING * * *
You hit the kobold but do no damage.
The dart slug bites you but does no damage.
The kobold closely misses you.
You closely miss the kobold. The kobold hits you with a +0 dagger.
* * * LOW HITPOINT WARNING * * *
The dart slug bites you but does no damage.
You hit the kobold.
You kill the kobold!
You hit the dart slug. You bite the dart slug.
The dart slug is heavily wounded.
The dart slug launches a dart at you. The slug dart misses you.
You fade into invisibility!
The endoplasm hits you but does no damage.
The endoplasm freezes you.
You die...

.!#.# ###.#.# ..#.#.#
#.#.#.# .# #.#.#.#
...#####.#.#.#
...........#.##########
.......#..............###
.......J@..#.#######.....
......).w..#)# #..###
.###.#.#####.# #..# .. #.
..# #..# . #. ### #..# #.
#..# #. #..# .. #..# ##
#..#


You could see a dart slug (unable to see you) and an endoplasm.

Vanquished Creatures
  2 kobolds (D:1)
2 creatures vanquished.

Notes
Turn   | Place    | Note
-------+----------+-------------------------------------------
     0 | D:1      | porpoise the Gnoll Enchanter began the quest for the Orb.
     0 | D:1      | Reached XP level 1. HP: 13/13 MP: 6/6
   106 | D:1      | Frozen to death by an endoplasm

Illustrated notes

Levels and vault maps discovered:
D:1:      roderic_chinese_lattice_arrival, layout_basic

Action                     || total
---------------------------++-------
  Melee: Dagger            ||     9
         Bite              ||     2
    Use: Potion            ||     1
 Armour: Robe              ||     4
  Dodge: Dodged            ||     6

Table legend: (Time is in decaauts)
 A = Elapsed time spent in this place.
 B = Non-inter-level travel time spent in this place.
 C = Inter-level travel time spent in this place.
 D = Time resting spent in this place.
 E = Time spent auto-exploring this place.
 F = Levels seen in this place.
 G = Mean time per level.
                   A        B        C        D        E       F      G
               +--------+--------+--------+--------+--------+-----+--------+
         Total |    105 |    105 |      0 |      0 |     86 |   1 |  105.0 |
       Dungeon |    105 |    105 |      0 |      0 |     86 |   1 |  105.0 |
               +--------+--------+--------+--------+--------+-----+--------+

Top non-repeatable levels by time:
     D:1: 105 daAuts
